 Dungeon Crawl Stone Soup version 0.29-a0-613-gf2c431b9b9 (webtiles) character file.

Game seed: 16828178276844852640

16 valliere the Grasshopper (level 2, 0/13 HPs)
             Began as a Felid Warper on June 17, 2022.
             Was an Initiate of Yredelemnul.
             Slain by a hobgoblin (4 damage)
             ... on level 2 of the Dungeon.
             The game lasted 00:03:48 (1123 turns).

valliere the Grasshopper (Felid Warper)             Turns: 1123, Time: 00:03:49

Health: 0/13       AC:  1    Str:  7    XL:     2   Next: 41%
Magic:  6/6        EV: 17    Int: 14    God:    Yredelemnul [......]
Gold:   55         SH:  0    Dex: 15    Spells: 3/5 levels left
                                        Lives:  0   Deaths: 0

rFire   . . .      SeeInvis +     - Unarmed
rCold   . . .      Faith    .   (shield unavailable)
rNeg    . . .      Spirit   .   (body armour unavailable)
rPois   .          Reflect  .   (helmet unavailable)
rElec   .          Harm     .   (cloak unavailable)
rCorr   .          Rampage  .   (gloves unavailable)
Will    .....                   (boots unavailable)
Stlth   ++........              (no amulet)
HPRegen 0.04/turn               (no ring)
MPRegen 0.10/turn               (no ring)

@: quick
A: very small, claws 1, fangs 3, see invisible, speed 1, shaggy fur 1, stealthy
paws, no weapons or thrown items, no armour, multi-lived
a: Renounce Religion, Recall Undead Harvest


You were on level 2 of the Dungeon.
You worshipped Yredelemnul.
Yredelemnul was noncommittal.
You visited 1 branch of the dungeon, and saw 2 of its levels.

You collected 55 gold pieces.

Inventory:

Scrolls
 a - a scroll of blinking
 e - a scroll of fear {unknown}
Potions
 b - a potion of berserk rage {unknown}
 c - a potion of magic {unknown}
 d - a potion of attraction {unknown}


   Skills:
 - Level 2.0 Fighting
 - Level 3.2 Dodging
 * Level 2.6 Stealth
 - Level 2.0 Unarmed Combat
 - Level 2.0 Spellcasting
 + Level 4.8 Translocations


You had 3 spell levels left.
You knew the following spells:

 Your Spells              Type           Power      Damage    Failure   Level
a - Blink                 Tloc           28%        N/A       4%          2

Your spell library contained the following spells:

 Spells                   Type           Power      Damage    Failure   Level
 Gell's Gravitas          Tloc           14%        N/A       10%         3
 Lesser Beckoning         Tloc           14%        N/A       10%         3
 Teleport Other           Tloc           14%        N/A       10%         3
 Manifold Assault         Tloc           14%        N/A       65%         5


Dungeon Overview and Level Annotations

Branches:
Dungeon (2/15)

Altars:
Yredelemnul


Innate Abilities, Weirdness & Mutations

You have sharp claws.
You have razor-sharp teeth.
You have supernaturally acute eyesight. (SInv)
You cover ground quickly. (Speed+)
You are covered in fur. (AC +1)
Your paws help you pounce on unaware monsters.
You are incapable of wielding weapons or throwing items.
You cannot wear armour.
You gain extra lives every three experience levels.


Message History

You swap places.
You swap places.
You swap places.
You swap places.
You swap places.
Done exploring.
Press: ? - help, v - describe, . - travel The floor.
You swap places.
You swap places.
You swap places.
There is a stone staircase leading down here.
You climb downwards.
Your mindless puppets stay behind to rot.
Found 3 scrolls labelled FOIN AVOSU.
There is a stone staircase leading up here.
A rat comes into view.
The helpless hobgoblin fails to defend itself.
You claw the hobgoblin!
You kill the hobgoblin!
You barely miss the rat. Your claw misses the rat. The rat barely misses you.
You scratch the rat but do no damage. The rat bites you.
You scratch the rat.
You kill the rat!
No target in view!
HP restored.
There is a stone staircase leading up here.
A hobgoblin comes into view.
You see here 3 scrolls labelled FOIN AVOSU.
A kobold comes into view. It is wielding a +0 short sword.
Found a stone staircase leading down.
The hobgoblin shouts!
The hobgoblin hits you.
You scratch the hobgoblin but do no damage.
The hobgoblin hits you.
You scratch the hobgoblin.
The hobgoblin is heavily wounded.
The hobgoblin hits you.
You die...
Your body rises from the dead as a mindless zombie.

.. ####.# ..>K.#
.....# .. ###
.....# ... #..
.....#
...###.##g....#
........@##..####
................
.........#...#.#
..#.#.##.#...#.#
. # #?.......#.#
####.##.<#.#
#...^...##
#.#......#
#.#...........


You could see a hobgoblin and a kobold.

Vanquished Creatures
  2 endoplasms (D:1)
  2 giant cockroaches (D:1)
  4 hobgoblins
  2 kobolds (D:1)
  A ball python (D:1)
  4 rats
15 creatures vanquished.

Notes
Turn   | Place    | Note
-------+----------+-------------------------------------------
     0 | D:1      | valliere the Felid Warper began the quest for the Orb.
     0 | D:1      | Reached XP level 1. HP: 9/9 MP: 4/4
    68 | D:1      | Reached skill level 1 in Stealth
   593 | D:1      | Reached XP level 2. HP: 13/13 MP: 6/6
   610 | D:1      | Learned a level 2 spell: Blink
   907 | D:1      | Found a faded altar of an unknown god.
   913 | D:1      | Prayed at the altar of an unknown god.
   913 | D:1      | Became a worshipper of Yredelemnul the Dark
   913 | D:1      | Reached * piety under Yredelemnul
  1123 | D:2      | Slain by a hobgoblin

Illustrated notes

Levels and vault maps discovered:
D:1:      lightli_arrival_maybe_door_vault, layout_rooms,
          ebering_ecumenical_altar_hall
D:2:      layout_loops_cross, basic_altar, minmay_3d_cube, uniq_sigmund

Skill      XL: |  1 |
---------------+----+-----
Stealth        | 2 |  2.6
Fighting       | |  2.0
Dodging        | |  3.2
Unarmed Combat | |  2.0
Spellcasting   | |  2.0
Translocations | |  4.8

Action                   || total
-------------------------++-------
Melee: Unarmed           ||    33
       Bite              ||     3
 Stab: Sleeping          ||     2
Dodge: Dodged            ||    10

Table legend: (Time is in decaauts)
 A = Elapsed time spent in this place.
 B = Non-inter-level travel time spent in this place.
 C = Inter-level travel time spent in this place.
 D = Time resting spent in this place.
 E = Time spent auto-exploring this place.
 F = Levels seen in this place.
 G = Mean time per level.
                   A        B        C        D        E       F      G
               +--------+--------+--------+--------+--------+-----+--------+
         Total |   1028 |   1002 |     26 |    194 |    662 |   2 |  514.0 |
       Dungeon |   1028 |   1002 |     26 |    194 |    662 |   2 |  514.0 |
               +--------+--------+--------+--------+--------+-----+--------+

Top non-repeatable levels by time:
     D:1: 959 daAuts
     D:2: 69 daAuts
